 Dungeon Crawl Stone Soup version 0.24.0-37-gcf1ca852f1 (webtiles) character file.

Game seed: 9859390287185062723, levelgen mode: deterministic

39 grindst0ne the Insei (level 3, 0/29 HPs)
             Began as a Demigod Transmuter on Nov 25, 2019.
             Slain by a hobgoblin (3 damage)
             ... on level 2 of the Dungeon.
             The game lasted 00:02:27 (1191 turns).

grindst0ne the Insei (Demigod Transmuter)           Turns: 1191, Time: 00:02:27

Health: 0/29       AC:  3    Str: 13    XL:     3   Next: 13%
Magic:  8/9        EV: 12    Int: 17    God:
Gold:   43         SH:  0    Dex: 18    Spells: 5/6 levels left

rFire    . . .     SeeInvis .     - Unarmed
rCold    . . .     Gourm    .   (no shield)
rNeg     . . .     Faith    .   b - +0 robe
rPois    .         Spirit   .   (no helmet)
rElec    .         Reflect  .   (no cloak)
rCorr    .         Harm     .   (no gloves)
MR       .....                  g - +0 pair of boots
Stlth    ++........             (no amulet)
HPRegen  0.09/turn              (no ring)
MPRegen  0.11/turn              (no ring)

@: appendage
A: horns 2, high mp 1
a: End Transformation


You were on level 2 of the Dungeon.
You were not hungry.
You had grown temporary horns.
You visited 1 branch of the dungeon, and saw 2 of its levels.

You collected 43 gold pieces.

Inventory:

Missiles
 a - 12 arrows
Armour
 b - a +0 robe (worn)
 g - a +0 pair of boots (worn)
Scrolls
 e - a scroll of remove curse {unknown}
Potions
 c - a potion of lignification {unknown}
Comestibles
 d - 2 rations
 f - 3 chunks of flesh


   Skills:
 + Level 1.8 Fighting
 - Level 1.7 Dodging
 - Level 2.6 Unarmed Combat
 + Level 2.3 Spellcasting
 + Level 2.3 Transmutations


You had 5 spell levels left.
You knew the following spells:

 Your Spells              Type           Power        Failure   Level  Hunger
a - Beastly Appendage     Tmut           ##....       7%          1    #......

Your spell library contained the following spells:

 Spells                   Type           Power        Failure   Level  Hunger
 Sticks to Snakes         Tmut           ##......     11%         2    ###....
 Spider Form              Tmut/Pois      #.........   34%         3    ###....
 Ice Form                 Ice/Tmut       #.......     75%         4    #####..
 Blade Hands              Tmut           ##........   89%         5    ######.


Dungeon Overview and Level Annotations

Branches:
Dungeon (2/15)


Innate Abilities, Weirdness & Mutations

You have an increased reservoir of magic. (+10% MP)
You have a pair of horns on your head.


Message History

The quokka is heavily wounded.
The quokka misses you. The hobgoblin completely misses you.
You hit the quokka.
You kill the quokka!
The hobgoblin hits you.
You closely miss the hobgoblin. Your headbutt misses the hobgoblin.
The hobgoblin is lightly wounded.
The hobgoblin hits you.
You hit the hobgoblin but do no damage.
The hobgoblin is lightly wounded.
The hobgoblin hits you.
* * * LOW HITPOINT WARNING * * *
You hit the hobgoblin.
The hobgoblin is heavily wounded.
The hobgoblin hits you.
* * * LOW HITPOINT WARNING * * *
You hit the hobgoblin but do no damage.
The hobgoblin is heavily wounded.
The hobgoblin hits you.
You die...

###... #.#..#.### ....
#.#..#.##. #...
#.......#. #..#
#.......#. #..#
#.#....<..
#..#####.#.######
#................
.########.###############
........@†.......
##...#.#g#######
+....)#.# #.....#.#
#.....#.# ####..#.#
##.#.# #.#+# #..


You could see a hobgoblin.

Vanquished Creatures
  An ooze (D:1)
  2 dart slugs (D:1)
  A leopard gecko (D:1)
  A bat (D:1)
  A goblin (D:1)
  4 hobgoblins (D:1)
  8 jackals
  A quokka (D:2)
  5 kobolds
  3 rats (D:1)
27 creatures vanquished.

Notes
Turn   | Place    | Note
-------+----------+-------------------------------------------
     0 | D:1      | grindst0ne the Demigod Transmuter began the quest for the
                  | Orb.
     0 | D:1      | Reached XP level 1. HP: 15/15 MP: 5/5
    78 | D:1      | Reached skill level 1 in Fighting
   372 | D:1      | Reached XP level 2. HP: 23/23 MP: 7/7
  1134 | D:2      | Reached XP level 3. HP: 29/29 MP: 7/9
  1191 | D:2      | Slain by a hobgoblin

Levels and vault maps discovered:
D:1:      dpeg_arrival_three_bigger_balls, layout_basic, palyth_stone_intersect,
          chequers_serial_rivers_micro_a
D:2:      layout_basic, st_stairs_13, uniq_sigmund, uniq_jessica

Skill      XL: |  1 |
---------------+----+-----
Fighting       | 1 |  1.8
Spellcasting   | 2 |  2.3
Transmutations | 2 |  2.3
Dodging        | |  1.7
Unarmed Combat | |  2.6

Action                   || total
-------------------------++-------
Melee: Unarmed           ||    86
       Kick              ||     6
       Headbutt          ||     7
       Punch             ||     1
 Cast: Beastly Appendage ||    10
 Stab: Sleeping          ||     2
  Eat: Chunk             ||     1
Armor: Robe              ||    21
Dodge: Dodged            ||    40
